 Dungeon Crawl Stone Soup version 0.31-a0-188-g5e087ee2ca (webtiles) character file.

Game seed: 14587253358411788605

146 qw the Skirmisher (level 5, -3/29 HPs)
             Began as a Deep Elf Hunter on June 23, 2023.
             Killed from afar by an orc wizard (4 damage)
             ... with a magic dart
             ... on level 3 of the Dungeon.
             The game lasted 00:00:34 (1745 turns).

qw the Skirmisher (Deep Elf Hunter)                 Turns: 1745, Time: 00:00:35

Health: -3/29      AC:  3    Str: 10    XL:     5   Next: 7%
Magic:  7/7        EV: 12    Int: 14    God:
Gold:   150        SH:  0    Dex: 18    Spells: 4/4 levels left

rFire   . . .        Y - +0 shortbow
rCold   . . .        (shield currently unavailable)
rNeg    . . .        c - +0 leather armour
rPois   .            (no helmet)
rElec   .            (no cloak)
rCorr   .            (no gloves)
SInv    .            (no boots)
Will    .....        (no amulet)
Stlth   ++           (no ring)
HPRegen 0.24/turn    (no ring)
MPRegen 0.10/turn

%: no passive effects
@: no status effects
A: no striking features
a: no special abilities


You were on level 3 of the Dungeon.
You visited 1 branch of the dungeon, and saw 3 of its levels.

You collected 150 gold pieces.


   Skills:
 - Level 1.5 Fighting
 + Level 8.5 Ranged Weapons
 - Level 2.4 Dodging
 - Level 1.2 Stealth


You had 4 spell levels left.
You didn't know any spells.
Your spell library was empty.

Inventory:

Hand Weapons
 Y - a +0 shortbow (weapon)
Armour
 a - a +0 ring mail of fire resistance
 b - a +0 helmet
 c - a +0 leather armour (worn)
Scrolls
 h - 3 scrolls of identify
Potions
 e - a potion of haste
 f - a potion of curing {unknown}
 g - a potion of degeneration {unknown}

Dungeon Overview and Level Annotations

Branches:
Dungeon (3/15)

Altars:
Fedhas


Message History

The orc is lightly wounded.
You shoot an arrow.
The arrow hits the orc but does no damage.
The orc is lightly wounded.
The orc hits you but does no damage.
You shoot an arrow.
The arrow hits the orc but does no damage.
The orc is lightly wounded.
The orc priest calls upon Beogh to heal the orc.
The orc's wounds heal themselves!
You shoot an arrow. The arrow barely misses the orc.
The orc hits you with a +0 club. The orc misses you.
You shoot an arrow. The arrow barely misses the orc.
The orc barely misses you.
An endoplasm comes into view.
You shoot an arrow. The arrow barely misses the orc priest.
You hear the rusting of a very distant drain.
The orc priest invokes the aid of Beogh against you.
Pain shoots through your body! The orc hits you with a +0 club.
You shoot an arrow. The arrow hits the orc priest!
The orc priest is heavily wounded.
The orc priest barely misses you.
You shoot an arrow. The arrow barely misses the orc priest.
The arrow barely misses the endoplasm.
The orc priest barely misses you. The orc hits you with a +0 club.
Something hits you.
You shoot an arrow.
The arrow closely misses the orc priest.
The arrow hits the endoplasm.
The endoplasm is moderately wounded.
The orc priest hits you with a +0 flail!
Something hits you but does no damage. The orc hits you with a +0 club.
You shoot an arrow.
The arrow hits the orc priest but does no damage.
The orc priest is heavily wounded.
The orc priest barely misses you. The orc barely misses you.
You hear some strange, mumbled words.
A magic dart appears from out of thin air!
The magic dart hits you.
You die...

#...........[#####....
..........?..####.....
..#...............###
###.................#
##...............>#.#
##...........###..#.#
....###...#### #....#
....# #.#.# ##o#..#
..........# #{@#.<#
.##..##..# #Jo###...
.##...# #.# ...# ..
..... ... #### ..
...... .... ..
........#.# . #. #


You could see an orc priest, an orc and an endoplasm.

Vanquished Creatures
  A sleepcap (D:3)
  Terence (D:3)
  Robin (D:3)
  3 adders (D:2)
  A worm (D:2)
  A dart slug (D:3)
  An endoplasm (D:2)
  A giant cockroach (D:2)
  15 goblins
  3 hobgoblins
  3 jackals (D:1)
  3 quokkas
  3 ball pythons
  4 bats (D:1)
  4 kobolds
  3 rats
48 creatures vanquished.

Notes
Turn   | Place    | Note
-------+----------+-------------------------------------------
     0 | D:1      | qw the Deep Elf Hunter began the quest for the Orb.
     0 | D:1      | Reached XP level 1. HP: 12/12 MP: 3/3
     0 | D:1      | 0 ||| qw: Version: 0.3-a-9-g12657ce
     0 | D:1      | 0 ||| qw: Game counter: 3342
     0 | D:1      | 0 ||| qw: Always use a shield: true
     0 | D:1      | 0 ||| qw: God list: Okawaru
     0 | D:1      | 0 ||| qw: Allow faded altars: false
     0 | D:1      | 0 ||| qw: Do Orc after D:15 true
     0 | D:1      | 0 ||| qw: Do second Lair branch before Depths: true
     0 | D:1      | 0 ||| qw: Lair rune preference: random
     0 | D:1      | 0 ||| qw: Plans: Normal
     0 | D:1      | 0 ||| PLANNING D:1-11
   204 | D:1      | Reached XP level 2. HP: 16/16 MP: 4/4
   206 | D:1      | Reached skill level 6 in Ranged Weapons
   784 | D:1      | 784 ||| READING scroll labelled ACKOGO EDUEH.
   785 | D:1      | 785 ||| DROPPING scroll of butterflies.
   930 | D:2      | Reached XP level 3. HP: 20/20 MP: 5/5
  1117 | D:2      | Reached skill level 7 in Ranged Weapons
  1518 | D:2      | 1518 ||| READING scroll labelled KOCEIT PAFIAGOHIO.
  1519 | D:2      | 1519 ||| READING scroll labelled FEJATASOIPH.
  1520 | D:2      | 1520 ||| DRINKING 2 smoky coppery potions.
  1521 | D:2      | 1521 ||| READING 2 scrolls of identify.
  1521 | D:2      | 1521 ||| IDENTIFYING amethyst potion
  1522 | D:2      | 1522 ||| DROPPING potion of lignification.
  1532 | D:3      | Noticed Terence
  1533 | D:3      | 1533 ||| PLANNING SEWER
  1540 | D:3      | Killed Terence
  1541 | D:3      | Reached XP level 4. HP: 25/25 MP: 6/6
  1549 | D:3      | Noticed Robin
  1561 | D:3      | Killed Robin
  1562 | D:3      | Reached skill level 8 in Ranged Weapons
  1628 | D:3      | Found a blossoming altar of Fedhas.
  1705 | D:3      | Reached XP level 5. HP: 29/29 MP: 7/7
  1744 | D:3      | HP: 4/29 [orc priest/+0 flail (7)]
  1744 | D:3      | HP: 1/29 [orc/+0 club (3)]
  1745 | D:3      | Killed from afar by an orc wizard

Levels and vault maps discovered:
D:1:      amcnicky_arrival_gap_in_the_tavern_cellar, layout_basic
D:2:      layout_loops_ring, minmay_ruptured
D:3:      layout_rooms, mainiacjoe_overflow_six_doors_small,
          gup_sewer_entry_pipe, kennysheep_generic_room_2, uniq_terence,
          uniq_robin, uniq_ijyb

Skill      XL: |  1  2  3  4 |
---------------+-------------+-----
Ranged Weapons | 6 7 8 |  8.5
Fighting       | |  1.5
Dodging        | |  2.4
Stealth        | |  1.2

Action                     |  1- 3 |  4- 6 || total
---------------------------+-------+-------++-------
   Fire: Shortbow          |    90 |    52 ||   142
    Use: Scroll            |     4 |       ||     4
         Potion            |     1 |       ||     1
 Armour: Leather armour    |     9 |     4 ||    13
  Dodge: Dodged            |    15 |    11 ||    26

Table legend:
 A = Non-vault XP
 B = Vault XP
 C = Vault XP percentage of total XP
 D = Non-vault monster count
 E = Vault monster count
 F = Vault count percentage of total count
                 A         B        C        D         E       F
            +---------+---------+-------+---------+---------+-------
      Total |     122 |      87 |  41.6 |      34 |      14 |  29.2
            +---------+---------+-------+---------+---------+-------
        D:1 |      27 |       0 |   0.0 |      18 |       0 |   0.0
        D:2 |      46 |      14 |  23.3 |      11 |       2 |  15.4
        D:3 |      49 |      73 |  59.8 |       5 |      12 |  70.6
            +---------+---------+-------+---------+---------+-------
